 Dungeon Crawl Stone Soup version 0.22.1-1-ga44c0e5 (webtiles) character file.

760 Jawreze the Ruffian (level 7, -5/99 HPs)
             Began as a Troll Hunter on Oct 28, 2018.
             Slain by a gnoll
             ... wielding a +0 flail
              (10 damage)
             ... on level 4 of the Dungeon.
             The game lasted 00:08:25 (3376 turns).

Jawreze the Ruffian (Troll Hunter)                  Turns: 3376, Time: 00:08:26

Health: -5/99      AC:  5    Str: 28    XL:     7   Next: 51%
Magic:  6/6        EV: 10    Int:  7    God:
Gold:   179        SH:  0    Dex: 10    Spells: 6/6 levels left

rFire    . . .     SeeInvis .     - Unarmed
rCold    . . .     Gourm    +   (no shield)
rNeg     . . .     Faith    .   b - +0 robe
rPois    .         Spirit   .   (helmet restricted)
rElec    .         Reflect  .   (no cloak)
rCorr    .         Harm     .   (gloves unavailable)
MR       .....                  (boots unavailable)
Stlth    ..........             (no amulet)
HPRegen  0.66/turn              (no ring)
MPRegen  0.10/turn              (no ring)

@: berserking, very quick
A: large, unfitting armour, claws 3, fast metabolism 3, gourmand, regeneration
1, shaggy fur 1, tough skin 2
a: no special abilities


You were on level 4 of the Dungeon.
You were very full.

You visited 1 branch of the dungeon, and saw 5 of its levels.
You also visited: Sewer.

You collected 179 gold pieces.

Inventory:

Missiles
 d - 2 throwing nets (quivered)
Armour
 b - a +0 robe (worn)
Wands
 n - a wand of polymorph (14)
Scrolls
 a - a scroll of remove curse {unknown}
 e - 2 scrolls of teleportation {unknown}
 i - a scroll of noise {unknown}
 k - 2 scrolls of amnesia {unknown}
 o - a scroll of blinking {unknown}
 p - 2 scrolls of identify {unknown}
Potions
 g - a potion of heal wounds {unknown}
 j - 4 potions of curing {unknown}
 l - 2 potions of degeneration {unknown}
 q - a potion of invisibility {unknown}
Comestibles
 f - 7 rations


   Skills:
 + Level 2.8 Fighting
 + Level 5.4 Throwing
 - Level 1.5 Dodging
 - Level 0.3 Stealth
 * Level 6.3 Unarmed Combat


You had 6 spell levels left.
You didn't know any spells.
Your spell library was empty.

Dungeon Overview and Level Annotations

Branches:
Dungeon (5/15)
 Temple: D:4-7

Altars:
Cheibriados
Gozag
Makhleb
Nemelex Xobeh

Annotations:
D:4 1 runed door, Jaiteiro's ghost, amateur HaHu


Innate Abilities, Weirdness & Mutations

You are too large for most types of armour.
You have claws for hands.
Your metabolism is lightning-fast.
You like to eat raw meat.
Your natural rate of healing is unusually fast.
You are covered in fur. (AC +1)
You have very tough skin. (AC +2)


Message History

The gnoll hits you with a flail.
The gnoll sergeant completely misses you.
The gnoll hits you from afar with a spear.
Throwing (i - inventory. (/) - cycle)
c - a large rock (quivered)
Press: ? - help, Shift-Dir - straight line, f/p - gnoll sergeant
Aim: a gnoll sergeant, wielding a spear, wearing a scale mail and wearing a You throw a large rock.
The large rock barely misses the gnoll sergeant.
The gnoll sergeant misses you. The gnoll hits you with a flail!
* * * LOW HITPOINT WARNING * * *
The gnoll barely misses you.
The gnoll sergeant hits you with a spear!
* * * LOW HITPOINT WARNING * * *
The gnoll closely misses you.
It was a potion of berserk rage.
A red film seems to cover your vision as you go berserk!
You feel yourself moving faster!
You feel mighty! The gnoll barely misses you.
The gnoll sergeant hits you but does no damage.
The gnoll hits you with a flail!
You die...

##...###...#.##.####
#.#(......##.##.# #
###...#######.##.####
#.......#####.##.##..
#.##.##.......).....#
#.##...^....#########
#.##.######.+SSW≈%≈ #
#.##g# #.#########
#.##@# #...# #.#
#.##g########.# #.#
#.##.g........# #.#
#.##..######### #.#
#.##..# #.# #.##..#
#.. #.##..# #..
#.....# #..
###...#############.#


You could see a gnoll sergeant and 2 gnolls.

Vanquished Creatures
  3 scorpions (D:4)
  A hound (D:4)
  A bullfrog skeleton (D:4)
  2 orc priests (D:4)
  3 orc wizards (D:4)
  A gnoll shaman (D:4)
  A worker ant (D:4)
  6 gnolls (D:4)
  13 adders
  A river rat (D:3)
  8 oozes
  An adder skeleton (D:4)
  5 worms
  2 dart slugs (D:1)
  9 leopard geckos
  12 orcs (D:4)
  16 ball pythons
  9 giant cockroaches
  5 goblins
  7 hobgoblins
  5 jackals
  5 bats
  9 frilled lizards
  6 kobolds
  5 rats
136 creatures vanquished.

Notes
Turn   | Place    | Note
-------+----------+-------------------------------------------
     0 | D:1      | Jawreze the Troll Hunter began the quest for the Orb.
     0 | D:1      | Reached XP level 1. HP: 19/19 MP: 0/0
   105 | D:1      | Reached skill level 1 in Unarmed Combat
   207 | D:1      | Reached XP level 2. HP: 27/27 MP: 1/1
   320 | D:1      | You fall through a shaft!
   413 | D:2      | Reached skill level 2 in Unarmed Combat
   415 | D:2      | Found a sparkling altar of Nemelex Xobeh.
   466 | D:2      | Reached XP level 3. HP: 33/33 MP: 2/2
   784 | D:2      | Reached XP level 4. HP: 17/41 MP: 3/3
   904 | D:2      | Found an opulent altar of Gozag.
   909 | D:2      | Reached skill level 3 in Unarmed Combat
  1614 | D:3      | Found a glowing drain.
  1621 | Sewer    | Entered a sewer
  1728 | Sewer    | Reached XP level 5. HP: 48/48 MP: 4/4
  1790 | Sewer    | Reached skill level 4 in Unarmed Combat
  2034 | D:3      | Found a burning altar of Makhleb.
  2176 | D:3      | Found a faded altar of an unknown god.
  2323 | D:4      | Reached XP level 6. HP: 55/57 MP: 5/5
  2369 | D:4      | Reached skill level 5 in Unarmed Combat
  2428 | D:4      | Reached skill level 5 in Throwing
  2813 | D:4      | Reached XP level 7. HP: 37/66 MP: 6/6
  3030 | D:4      | Found a snail-covered altar of Cheibriados.
  3082 | D:4      | Found a runed door.
  3086 | D:4      | Reached skill level 6 in Unarmed Combat
  3315 | D:4      | Noticed Jaiteiro's ghost (amateur HaHu)
  3328 | D:5      | Entered Level 5 of the Dungeon
  3375 | D:4      | HP: 3/66 [gnoll sergeant/spear (8)]
  3376 | D:4      | Slain by a gnoll

Skill      XL: |  1  2  3  4  5  6  7 |
---------------+----------------------+-----
Unarmed Combat | 1 2 3 4 5 6 |  6.3
Throwing       | 4 5 |  5.4
Fighting       | 2 |  2.8
Dodging        | |  1.5
Stealth        | |  0.3

Action                   |  1- 3 |  4- 6 |  7- 9 || total
-------------------------+-------+-------+-------++-------
Melee: Unarmed           |    85 |   268 |    41 ||   394
       Punch             |       |     4 |     1 ||     5
Throw: Large rock        |     2 |     6 |     6 ||    14
  Use: Potion            |       |       |     1 ||     1
 Stab: Sleeping          |     2 |     1 |       ||     3
  Eat: Chunk             |     8 |    23 |     6 ||    37
Armor: Robe              |    22 |    87 |     6 ||   115
Dodge: Dodged            |    31 |   154 |    21 ||   206
